Map: Waterfall

Players

PattyMac

  • Race: Protoss Protoss
  • Spawn Location: 7:00

Bunny - Winner!

  • Race: Terran Terran
  • Spawn Location: 1:00

Event: DreamHack SC2 Masters 2022 Atlanta (Offline)

VOD

Have the link to the VOD?

Description

Time

  • Played on: Nov. 18, 2022, 1:03 p.m.
  • Length: 9:07

All games in this series

Show
View Real Time Build Order
Export as new Build Order

PattyMac Protoss 

Build Orders: 1 Gate Expand, Blink Stalkers 

Get SALT Encoding   

  12  0:00  Probe  
  13  0:12  Probe  
  14  0:17  Pylon  
  14  0:24  Probe (Chrono Boost)  
  16  0:36  Gateway, Probe (Chrono Boost)  
  16  0:43  Probe (Chrono Boost)  
  16  0:45  Assimilator  
  17  0:50  Probe  
  18  0:58  Gateway  
  18  1:03  Probe  
  19  1:23  Cybernetics Core  
  19  1:36  Nexus  
  19  1:43  Pylon  
  19  1:46  Probe  
  20  1:59  Adept (Chrono Boost)  
  22  2:03  Warp Gate  
  22  2:05  Adept (Chrono Boost), Probe  
  25  2:10  Assimilator  
  25  2:17  Probe  
  25  2:20  Adept (Chrono Boost)  
  28  2:27  Adept  
  30  2:38  Probe  
  31  2:48  Twilight Council  
  31  2:54  Probe  
  31  2:55  Adept  
  34  3:05  Probe (Chrono Boost)  
  36  3:14  Probe (Chrono Boost)  
  36  3:15  Robotics Facility  
  36  3:16  Probe (Chrono Boost)  
  37  3:24  Probe  
  37  3:25  Probe  
  37  3:31  Blink (Chrono Boost)  
  35  3:36  Probe, Pylon  
  35  3:38  Probe  
  37  3:48  Probe  
  37  3:51  Probe  
  39  3:56  Gateway  
  39  4:00  Probe  
  39  4:01  Gateway  
  39  4:02  Observer  
  41  4:03  Probe  
  41  4:08  Assimilator, Pylon  
  42  4:10  Stalker  
  42  4:13  Probe  
  45  4:19  Stalker  
  45  4:20  Probe  
  48  4:25  Probe  
  51  4:36  Stalker  
  53  4:39  Probe  
  53  4:41  Warp Prism (Chrono Boost)  
  53  4:43  Stalker  
  52  4:54  Pylon  
  52  4:56  Stalker  
  52  5:02  Stalker x2  
  48  5:12  Stalker  
  34  5:22  Probe x2  
  36  5:28  Stalker x2  
  36  5:33  Stalker  
  42  5:42  Probe x2 (Chrono Boost)  
  44  5:53  Probe (Chrono Boost)  
  45  6:01  Stalker x2  
  45  6:02  Stalker  
  51  6:24  Stalker x2  
  47  6:35  Probe x2 (Chrono Boost)  
  47  6:38  Zealot, Stalker  
  53  6:46  Probe (Chrono Boost)  
  55  6:47  Probe (Chrono Boost), Stalker x2  
  55  6:51  Probe (Chrono Boost)  
  55  6:53  Probe (Chrono Boost)  
  57  7:09  Probe x2  
  57  7:12  Robotics Bay  
  59  7:17  Assimilator  
  59  7:22  Probe (Chrono Boost)  
  61  7:26  Charge  
  61  7:27  Probe (Chrono Boost)  
  61  7:31  Probe (Chrono Boost)  
  62  7:40  Pylon  
  62  7:41  Pylon x2  
  62  7:49  Gateway, Probe  
  62  7:51  Gateway  
  62  7:56  Disruptor (Chrono Boost)  
  63  8:01  Probe  
  63  8:03  Zealot x3  
  63  8:04  Zealot  
  70  8:22  Pylon  
  70  8:26  Zealot x3  
  70  8:27  Zealot  
  77  8:45  Zealot  
  79  8:50  Zealot x2  
  79  8:51  Zealot x2  
  69  9:05  Stalker x2  
Show
View Real Time Build Order
Export as new Build Order

Bunny Terran - Winner!

Build Orders: Cyclone Opening 

Get SALT Encoding   

  12  0:00  SCV  
  13  0:12  SCV  
  14  0:17  Supply Depot  
  14  0:24  SCV  
  15  0:38  SCV  
  15  0:40  Barracks  
  16  0:43  Refinery  
  16  0:50  SCV  
  16  0:53  Refinery  
  17  1:02  SCV  
  18  1:15  SCV  
  19  1:27  Reaper, Orbital Command  
  19  1:29  Supply Depot  
  20  1:40  Factory  
  20  1:52  SCV  
  21  1:59  Reaper  
  22  2:04  SCV  
  23  2:15  Command Center  
  23  2:18  SCV  
  24  2:23  Factory Tech Lab  
  24  2:30  SCV  
  24  2:32  Barracks Reactor  
  24  2:36  Supply Depot  
  25  2:42  SCV  
  25  2:43  Cyclone  
  29  2:54  SCV  
  30  2:59  Starport  
  30  3:06  SCV  
  30  3:08  Marine x2  
  33  3:17  Cyclone  
  33  3:19  SCV  
  37  3:25  Marine  
  37  3:26  Marine  
  38  3:32  SCV  
  38  3:34  Supply Depot  
  39  3:44  Medivac, Marine x2  
  39  3:46  Orbital Command  
  43  3:54  SCV  
  44  3:58  Siege Tank  
  44  4:02  Marine x2  
  49  4:06  SCV  
  49  4:07  Supply Depot  
  50  4:12  SCV  
  50  4:15  Viking  
  53  4:19  Marine x2  
  53  4:22  SCV  
  56  4:24  SCV  
  56  4:27  Supply Depot  
  57  4:37  Siege Tank, Marine x2  
  62  4:39  SCV x2  
  63  4:54  SCV x2  
  63  4:55  Marine x2  
  61  5:13  Marine x2  
  57  5:17  SCV x2  
  55  5:22  Siege Tank  
  55  5:25  Bunker  
  55  5:26  Barracks x2  
  55  5:27  Viking  
  54  5:28  Engineering Bay  
  54  5:29  SCV  
  54  5:30  SCV  
  54  5:31  Marine x2  
  54  5:34  Engineering Bay, Refinery  
  58  5:41  SCV  
  58  5:42  SCV  
  60  5:46  Supply Depot, Refinery  
  60  5:50  Marine x2  
  60  5:54  SCV x2  
  60  5:55  Supply Depot  
  64  5:57  Starport Tech Lab  
  64  6:02  Terran Infantry Weapons Level 1  
  64  6:05  Factory Reactor  
  64  6:06  Supply Depot, SCV x2  
  64  6:08  Marine x2  
  64  6:11  Terran Infantry Armor Level 1  
  64  6:22  Stimpack, Marine x2  
  60  6:26  Marine  
  56  6:36  SCV x2  
  56  6:38  Marine  
  56  6:39  Marine  
  59  6:40  Marine  
  59  6:42  Siege Tank  
  59  6:43  Marine  
  65  6:49  Medivac  
  65  6:50  SCV x2  
  69  6:56  Marine  
  69  6:57  Marine  
  69  6:58  Marine  
  71  7:01  Marine  
  71  7:12  Missile Turret  
  71  7:14  Marine  
  72  7:20  Medivac  
  72  7:25  Siege Tank  
  72  7:26  Barracks Tech Lab  
  72  7:28  SCV x2, Marine x2  
  79  7:32  Marine  
  79  7:34  Supply Depot  
  80  7:40  SCV x2  
  82  7:45  Combat Shield  
  82  7:49  Marauder x2, Marine  
  82  7:50  Marine  
  88  7:52  Starport Reactor  
  88  7:56  Supply Depot  
  88  7:57  Supply Depot  
  88  8:00  Siege Tank  
  91  8:08  SCV x2  
  91  8:12  Marine x2  
  94  8:17  Concussive Shells, Marauder x2  
  98  8:27  Command Center  
  98  8:29  Medivac x2  
  102  8:38  Marauder x2  
  109  8:54  Supply Depot  
  109  8:56  Supply Depot  
Tags
 
Add a new tag
Caveats
  • Supply blocks, unpowered buildings, or Contaminate may cause inaccurate times.
  • Supply counts are checked every 10 seconds.